 Dungeon Crawl Stone Soup version 0.17-a0-737-gf0a300a (webtiles) character file.

4295 Ngotmuk the Fighter (level 10, -1/99 HPs)
             Began as a Deep Dwarf Fighter on Apr 27, 2015.
             Was a Believer of Ru.
             Slain by a troll (3 damage)
             ... on level 9 of the Dungeon.
             The game lasted 00:29:24 (6995 turns).

Ngotmuk the Fighter (Deep Dwarf Fighter)            Turns: 6995, Time: 00:29:24

Health: -1/99      AC: 12    Str: 22      XL:     10   Next: 11%
Magic:  8/8        EV:  9    Int: 12      God:    Ru [**....]
Gold:   823        SH: 11    Dex: 11 (12) Spells: 0 memorised, 9 levels left

rFire  . . .     SeeInvis .     L - +1 war axe (freeze)
rCold  + . .     Rnd*Rage +     K - +3 leather armour of the Furies {rPois rN+}
rNeg   + + .     SustAb   .     c - +0 shield
rPois  +         Gourm    .     t - +2 helmet
rElec  .         Spirit   .     (no cloak)
rCorr  .         Warding  .     (no gloves)
rMut   .         Stasis   .     g - +1 pair of boots
MR     +....                    (no amulet)
Stlth  +.........               a - ring of protection from cold
                                z - ring of positive energy

@: non-regenerating, somewhat resistant to hostile enchantments, very unstealthy
A: damage resistance, recharge devices, berserk 1, clever 1, low mp 1, sense
surroundings 3, screaming 1, slow healing 3, wild magic 1, evolution 1, no
poison magic, no summoning magic, no transmutations magic
a: Device Recharging, Renounce Religion


You were on level 9 of the Dungeon.
You worshipped Ru.
Ru was pleased with you.
You were not hungry.

You visited 2 branches of the dungeon, and saw 10 of its levels.
You also visited: Ossuary.

You collected 823 gold pieces.

Inventory:

Hand weapons
 L - a +1 war axe of freezing (weapon)
Missiles
 u - 3 poisoned javelins (quivered)
 P - 3 silver javelins
Armour
 c - a +0 shield (worn)
 g - a +1 pair of boots (worn)
 t - a +2 helmet (worn)
 K - the +3 leather armour of the Furies (worn) {rPois rN+}
   (You found it on level 5 of the Dungeon)

   It protects you from poison.
   It protects you from negative energy.
Jewellery
 a - a ring of protection from cold (right hand)
 z - a ring of positive energy (left hand)
Magical devices
 e - a wand of heal wounds (2)
 m - a wand of fire (0)
 O - a wand of cold (0)
 Q - a wand of disintegration (12)
Scrolls
 b - 2 scrolls of fear
 i - 4 scrolls of noise
 j - 5 scrolls of remove curse
 k - 2 scrolls of enchant armour
 n - 2 scrolls of amnesia {unknown}
 o - 4 scrolls of teleportation
 r - 4 scrolls of immolation
 w - 2 scrolls of fog {unknown}
 y - 2 scrolls of random uselessness
 J - a scroll of enchant weapon
Potions
 d - 2 potions of might
 h - a potion of berserk rage {unknown}
 l - a potion of cure mutation {unknown}
 q - 2 potions of flight {unknown}
 x - a potion of degeneration {unknown}
 A - 3 potions of brilliance {unknown}
 B - a potion of magic {unknown}
 C - 4 potions of haste {unknown}
 D - 3 potions of curing {unknown}
 E - a potion of restore abilities {unknown}
 F - a potion of cancellation {unknown}
 G - 2 potions of invisibility {unknown}
 H - a potion of poison {unknown}
 I - 2 potions of heal wounds {unknown}
 N - 2 potions of lignification {unknown}
Comestibles
 f - 10 bread rations
 p - 10 beef jerkies
 v - a meat ration


   Skills:
 * Level 9.4 Fighting
 * Level 6.6 Axes
 + Level 7.9 Armour
 + Level 8.1 Shields


You had 9 spell levels left.
You didn't know any spells.

Dungeon Overview and Level Annotations

Branches:
Dungeon (9/15)             Temple (1/1) D:4
   Lair: D:8-11         Orc: D:9-12

Altars:
Ashenzari
Cheibriados
Fedhas
Gozag
Qazlal
Ru
Sif Muna
Trog
Vehumet
Xom
Yredelemnul
Zin

Shops:
D:7 }   D:9 %


Innate Abilities, Weirdness & Mutations

You are resistant to damage.
You can recharge devices by infusing magical energy.
Your magical capacity is low (-10% MP).
You passively map a large area around you.
You occasionally shout uncontrollably at your foes.
You do not heal naturally.
You cannot study or cast Poison magic.
You cannot study or cast Summoning magic.
You cannot study or cast Transmutations magic.
You tend to lose your temper in combat.
Your mind is acute. (Int +2)
Your spells are a little harder to cast, but a little more powerful.
You evolve.


Message History

* * * LOW HITPOINT WARNING * * *
You block the troll's attack. x2
You barely miss the troll.
The troll is severely wounded.
You block the troll's attack. The troll claws you!
* * * LOW HITPOINT WARNING * * *
The troll claws you.
Evoke which item? (* to show all) (? for menu, Esc to quit)
Zapping:
e - a wand of heal wounds (3)
Press: ? - help, Shift-Dir - straight line, f - you You feel much better.
This wand has 2 charges left.
The troll bites you!
* * * LOW HITPOINT WARNING * * *
The troll claws you!
* * * LOW HITPOINT WARNING * * *
You block the troll's attack.
You hit the troll. You freeze the troll.
The troll is almost dead.
You block the troll's attack. The troll barely misses you.
The troll barely misses you. You block the troll's attack. The troll claws you.
You die...

................# ,
##..........
................#
#......####
######..........#
#......#
.....'..........#,
#......#
.....#..........#,
,+......#
.....#..######..#
+......# .....#..#
#..# ,, #......#
.....#..#
,,#.)#######......##
######..# ,
,#.T@.............#
........#
#................#
........#
,#######..........###
######..#, ,,
,*,............
#....#..#,, ,, ,
*####.....###
#....#..# , ,
...#.....#,,
#....#..#, ,, ,
...#.....#, #....'..#
, *** #..#.....+
#....#..# ,
#..#.....###


You could see a troll.

Vanquished Creatures
  Psyche (D:8)
  A deep elf mage (D:9)
  Eustachio (D:6)
  A steam dragon (D:9)
  Menkaure (D:7)
  3 ice beasts
  A necrophage (D:8)
  An eye of draining (D:9)
  3 centaurs
  2 sky beasts
  4 ogres
  Blork the orc (D:4)
  6 giant frogs
  A wyvern zombie (D:9)
  2 big kobolds
  4 scorpions
  2 wights (D:9)
  A quasit (D:8)
  A giant frog zombie (D:8)
  4 crimson imps
  3 giant frog skeletons
  A jelly (D:7)
  5 orc wizards
  A gnoll shaman (D:5)
  An orc priest (D:7)
  3 iguanas
  6 hounds
  4 worker ants
  A big kobold zombie (Ossuary)
  A hound zombie (D:3)
  4 hound skeletons
  8 mummies (Ossuary)
  2 worker ant zombies
  Robin (D:3)
  4 gnolls (D:5)
  4 adders
  A shadow imp (D:6)
  4 oozes
  2 adder skeletons
  4 giant geckos
  19 orcs
  A ball python (D:2)
  13 bats
  A bat zombie (D:6)
  3 giant cockroaches
  23 goblins
  22 hobgoblins
  6 jackals
  6 quokkas
  2 giant newts (D:1)
  A hobgoblin zombie (Ossuary)
  38 kobolds
  4 kobold zombies (Ossuary)
  2 orc zombies (Ossuary)
  A quokka zombie (D:5)
  19 rats
  4 ballistomycetes
  6 plants (D:6)
272 creatures vanquished.

Vanquished Creatures (others)
  2 wights (D:9)
  2 giant spores
  2 rats
6 creatures vanquished.

Grand Total: 278 creatures vanquished

Notes
Turn   | Place    | Note
--------------------------------------------------------------
     0 | D:1      | Ngotmuk, the Deep Dwarf Fighter, began the quest for the Orb.
     0 | D:1      | Reached XP level 1. HP: 20/20 MP: 1/1
    69 | D:1      | Reached XP level 2. HP: 22/27 MP: 2/2
   278 | D:1      | Reached XP level 3. HP: 24/33 MP: 3/3
  1334 | D:2      | Reached XP level 4. HP: 24/42 MP: 4/4
  1385 | D:3      | Reached skill level 4 in Armour
  1493 | D:3      | Noticed Robin
  1518 | D:3      | Killed Robin
  1518 | D:3      | Reached XP level 5. HP: 25/49 MP: 5/5
  1995 | D:4      | Found an opulent altar of Gozag.
  2060 | D:4      | Found a staircase to the Ecumenical Temple.
  2074 | Temple   | Entered the Ecumenical Temple
  2083 | Temple   | Became a worshipper of Ru the Awakened
  2199 | D:4      | Found a shattered altar of Ashenzari.
  2300 | D:4      | Noticed an ogre
  2306 | D:4      | Killed an ogre
  2306 | D:4      | Reached XP level 6. HP: 57/57 MP: 6/6
  2342 | D:4      | Found a blossoming altar of Fedhas.
  2373 | D:4      | Found a radiant altar of Vehumet.
  2547 | D:4      | Found a sand-covered staircase.
  2553 | Ossuary  | Entered an ossuary
  2577 | Ossuary  | Reached skill level 5 in Axes
  2899 | D:4      | Noticed Blork the orc
  2907 | D:4      | Killed Blork the orc
  2907 | D:4      | Reached XP level 7. HP: 42/66 MP: 7/7
  2985 | D:5      | Entered Level 5 of the Dungeon
  3071 | D:5      | Got a bloodstained leather armour
  3084 | D:5      | Reached skill level 5 in Fighting
  3084 | D:5      | Reached skill level 5 in Shields
  3111 | D:5      | Reached skill level 6 in Axes
  3150 | D:5      | Identified the +3 leather armour of the Furies {rPois rN+} (You found it on level 5 of the Dungeon)
  3186 | D:5      | Reached skill level 5 in Armour
  3231 | D:5      | Gained mutation: You occasionally shout uncontrollably at your foes. [Ru sacrifice]
  3312 | D:5      | Found a snail-covered altar of Cheibriados.
  3337 | D:5      | Found a shimmering altar of Xom.
  3718 | D:6      | Noticed Eustachio
  3782 | D:6      | Reached XP level 8. HP: 44/75 MP: 8/8
  3786 | D:6      | Gained mutation: You tend to lose your temper in combat. [mutagenic meat]
  3787 | D:6      | Gained mutation: You passively map the area around you. [mutagenic meat]
  3788 | D:6      | Gained mutation: Your mind is acute. (Int +2) [mutagenic meat]
  3789 | D:6      | Gained mutation: You evolve. [mutagenic meat]
  3790 | D:6      | Gained mutation: Your spells are a little harder to cast, but a little more powerful. [mutagenic meat]
  3865 | D:6      | Killed Eustachio
  4783 | D:7      | Noticed Menkaure
  4791 | D:7      | Killed Menkaure
  4791 | D:7      | Reached skill level 7 in Fighting
  4892 | D:7      | Gained mutation: You passively map a large area around you. [Deep Dwarf growth]
  4892 | D:7      | Reached XP level 9. HP: 38/86 MP: 9/9
  5032 | D:7      | Found Suejuv's Gadget Shop.
  5106 | D:7      | Gained mutation: You cannot study or cast Poison magic. [Ru sacrifice]
  5106 | D:7      | Gained mutation: You cannot study or cast Transmutations magic. [Ru sacrifice]
  5106 | D:7      | Gained mutation: You cannot study or cast Summoning magic. [Ru sacrifice]
  5106 | D:7      | Acquired Ru's first power
  5173 | D:7      | Found a bloodstained altar of Trog.
  5594 | D:8      | Found a deep blue altar of Sif Muna.
  5613 | D:8      | Reached skill level 8 in Fighting
  5789 | D:8      | Noticed Psyche
  5834 | D:8      | HP: 3/88 [something/puff of flame (4)]
  5864 | D:8      | Killed Psyche
  6367 | D:8      | Reached skill level 9 in Fighting
  6582 | D:9      | HP: 4/91 [something (37)]
  6606 | D:9      | Reached XP level 10. HP: 54/99 MP: 10/10
  6742 | D:9      | Gained mutation: Your magical capacity is low (-10% MP). [Ru sacrifice]
  6742 | D:9      | Acquired Ru's second power
  6897 | D:9      | Found Xerampan's Food Shop.
  6993 | D:9      | HP: 1/99 [troll (6)]
  6995 | D:9      | Slain by a troll

Action                   |  1- 3 |  4- 6 |  7- 9 | 10-12 || total
-------------------------+-------+-------+-------+-------++-------
Melee: War axe           |   139 |    64 |       |    70 ||   273
       Whip              |       |   133 |   711 |     3 ||   847
       Unarmed           |       |       |     1 |       ||     1
Throw: Javelin           |       |     4 |    12 |       ||    16
Invok: Sacrifice Purity  |       |       |     1 |       ||     1
       Sacrifice Arcana  |       |       |     1 |       ||     1
       Sacrifice Essence |       |       |       |     1 ||     1
 Abil: Device Recharging |       |       |       |     1 ||     1
Evoke: Wand              |       |     2 |    14 |     7 ||    23
  Use: Scroll            |       |       |    13 |     2 ||    15
  Eat: Beef jerky        |     1 |       |     1 |       ||     2
       Fruit             |       |     1 |     4 |       ||     5
       Meat ration       |       |     1 |     1 |       ||     2
       Chunk             |       |       |     6 |       ||     6
       Pizza             |       |       |     2 |       ||     2
       Bread ration      |       |       |     1 |       ||     1
